 Dungeon Crawl Stone Soup version 0.26.1-2-gb8aa6d0cf2 (webtiles) character file.

Game seed: 8514681044195454100

64 windgrace the Ducker (level 3, -2/25 HPs)
             Began as a Felid Berserker on Feb 12, 2021.
             Was a Believer of Trog.
             Slain by an adder (3 damage)
             ... on level 3 of the Dungeon.
             The game lasted 00:06:08 (1331 turns).

windgrace the Ducker (Felid Berserker)              Turns: 1331, Time: 00:06:09

Health: -2/25      AC:  1    Str: 13    XL:     3   Next: 91%
Magic:  4/4        EV: 20    Int:  8    God:    Trog [**....]
Gold:   77         SH:  0    Dex: 16    Spells: 2/2 levels left
                                        Lives:  0   Deaths: 0

rFire    + . .     SeeInvis +     - Unarmed
rCold    x . .     Faith    .   (shield unavailable)
rNeg     . . .     Spirit   .   (armour unavailable)
rPois    .         Reflect  .   (helmet unavailable)
rElec    .         Harm     .   (cloak unavailable)
rCorr    .         Rampage  .   (gloves unavailable)
Will     .....                  (boots unavailable)
Stlth    ..........             (no amulet)
HPRegen  0.08/turn              b - ring of flight
MPRegen  0.09/turn              f - ring of fire

@: berserking (expiring), lethally poisoned (-2 -> -8), very quick
A: very small, no armour, no weapons or thrown items, stealth, claws 1, fangs 3,
see invisible, speed 1, shaggy fur 1, sharp paws
a: Renounce Religion, Evoke Flight, Berserk, Trog's Hand


You were on level 3 of the Dungeon.
You worshipped Trog.
Trog was pleased with you.
You visited 1 branch of the dungeon, and saw 3 of its levels.

You collected 77 gold pieces.

Inventory:

Jewellery
 b - a ring of flight (left paw)
 f - a ring of fire (right paw)
Scrolls
 c - a scroll of amnesia {unknown}
 i - 2 scrolls of remove curse {unknown}
Potions
 a - a potion of degeneration {unknown}
 d - 2 potions of berserk rage {unknown}
 e - a potion of curing {unknown}
 g - a potion of heal wounds {unknown}
 h - a potion of ambrosia {unknown}
 j - a potion of haste {unknown}


   Skills:
 + Level 3.5 Fighting
 + Level 4.8 Dodging
 + Level 2.5 Stealth
 + Level 3.4 Unarmed Combat


You had 2 spell levels left.
You didn't know any spells.
Your spell library was empty.

Dungeon Overview and Level Annotations

Branches:
Dungeon (3/15)

Altars:
Trog


Innate Abilities, Weirdness & Mutations

You cannot wear armour.
You are incapable of wielding weapons or throwing items.
Your paws allow you to move quietly. (Stealth)
You have sharp claws.
You have razor-sharp teeth.
You have supernaturally acute eyesight. (SInv)
You cover ground quickly.
You are covered in fur. (AC +1)
Your sharp claws are effective at attacking unaware monsters.


Message History

The adder is severely wounded.
The goblin closely misses you. The adder bites you.
* * * LOW HITPOINT WARNING * * *
The iguana hisses menacingly.
The adder misses you.
You claw the adder!
You kill the adder!
Trog accepts your kill.
* * * LOW HITPOINT WARNING * * *
You feel sick. The adder barely misses you. The goblin barely misses you.
Okay, then.
You claw the adder!
The adder is severely wounded.
The orc hits you with a +0 flail.
* * * LOW HITPOINT WARNING * * *
You miss the adder.
The adder is severely wounded.
* * * LOW HITPOINT WARNING * * *
You feel sick. The adder bites you.
You die...

#........... .
#......#.#.#.#
#............
#..[.$.#.#.#
##.........
#......#.#.#
#.....<....#.
#...S........#
#..@g......#..
#!......o(.....#
##..#............
...
##..l....#.### ..
#......!#.#
........# #
.........#
.#........


You could see an iguana, an adder, an orc and a goblin.

Vanquished Creatures
  An adder (D:3)
  5 dart slugs
  A leopard gecko (D:1)
  6 bats
  3 giant cockroaches
  6 goblins
  4 hobgoblins (D:1)
  A ball python (D:2)
  6 frilled lizards
  7 kobolds
  5 rats
45 creatures vanquished.

Notes
Turn   | Place    | Note
-------+----------+-------------------------------------------
     0 | D:1      | windgrace the Felid Berserker began the quest for the Orb.
     0 | D:1      | Reached XP level 1. HP: 10/10 MP: 2/2
   178 | D:1      | Reached skill level 1 in Stealth
   178 | D:1      | Reached XP level 2. HP: 14/14 MP: 3/3
   444 | D:1      | Reached ** piety under Trog
   445 | D:1      | Reached XP level 3. HP: 17/17 MP: 4/4
   754 | D:2      | Found a bloodstained altar of Trog.
  1331 | D:3      | HP: 1/25 [poisoned by an adder]
  1331 | D:3      | Slain by an adder

Illustrated notes

Levels and vault maps discovered:
D:1:      lightli_arrival_quake, layout_basic
D:2:      layout_basic, bloody_trog, minmay_quadrilaterals
D:3:      layout_rooms, st_stairs_8, kennysheep_pointless_box, bh_walls_and_bars

Skill      XL: |  1  2  3 |
---------------+----------+-----
Stealth        | 1 2 |  2.5
Fighting       | |  3.5
Dodging        | |  4.8
Unarmed Combat | |  3.4

Action                   || total
-------------------------++-------
Melee: Unarmed           ||    89
       Bite              ||     8
       Punch             ||     1
Invok: Berserk           ||     2
 Abil: Evoke Flight      ||     1
 Stab: Sleeping          ||     8
Armor: Skin              ||     2
Dodge: Dodged            ||    69
